 Dungeon Crawl Stone Soup version 0.19.4-8-ga85b6b9 (webtiles) character file.

12361 Jerry the Severer (level 11, -22/151 (153) HPs)
             Began as a Hill Orc Fighter on Feb 11, 2017.
             Was an Initiate of Gozag.
             Annihilated by Rupert
             ... wielding a +1 great mace of protection
              (40 damage)
             ... on level 12 of the Dungeon.
             The game lasted 00:41:17 (12222 turns).

Jerry the Severer (Hill Orc Fighter)               Turns: 12222, Time: 00:41:17

HP:   -22/151 (153) AC: 16    Str: 26    XL:     11   Next: 92%
MP:   11/11         EV: 10    Int: 10    God:    Gozag
Gold: 656           SH:  0    Dex: 10    Spells: 3 memorised, 4 levels left

rFire  . . .     SeeInvis +     a - +1 war axe
rCold  . . .     Gourm    .     U - +0 scale mail {rPois}
rNeg   + . .     Faith    .     (no shield)
rPois  +         Spirit   .     I - +0 helmet
rElec  .         Reflect  .     h - +2 cloak
rCorr  .         Harm     .     n - +0 pair of gloves
MR     .....                    D - +0 pair of boots
Stlth  ..........               q - amulet of regeneration
                                N - ring of positive energy
                                d - ring of see invisible

@: berserking, very quick
A: no striking features
a: Potion Petition, Call Merchant, Bribe Branch, Renounce Religion


You were on level 12 of the Dungeon.
You worshipped Gozag.
Gozag was pleased with you.
You were not hungry.

You visited 2 branches of the dungeon, and saw 13 of its levels.

You collected 2110 gold pieces.
You paid 1454 gold pieces to Gozag.

Inventory:

Hand Weapons
 a - a +1 war axe (weapon)
 z - a +0 hand axe of flaming
Armour
 h - a +2 cloak (worn)
 n - a +0 pair of gloves (worn)
 A - the +1 scale mail of the Bard {rElec rF+++ Str+3 Slay-3}
   (You found it on level 5 of the Dungeon)

   It affects your strength (+3).
   It affects your accuracy and damage with ranged weapons and melee attacks
   (-3).
   It renders you almost immune to fire.
   It insulates you from electricity.
 D - a +0 pair of boots (worn)
 I - a +0 helmet (worn)
 U - a +0 scale mail of poison resistance (worn)
Jewellery
 d - a ring of see invisible (left hand)
 p - an uncursed ring of flight
 q - an amulet of regeneration (around neck)
 r - an uncursed ring of ice
 N - a ring of positive energy (right hand)
Wands
 x - a wand of flame (10/48)
 P - a wand of flame (27/48)
 W - a wand of iceblast (4/15)
Scrolls
 b - 2 scrolls of remove curse
 c - 2 scrolls of fog
 i - 6 scrolls of teleportation
 s - a scroll of amnesia
 t - a scroll of blinking
 y - a scroll of enchant weapon
 F - 4 scrolls of brand weapon {unknown}
 K - 2 scrolls of immolation
 L - 3 scrolls of identify
 O - a scroll of enchant armour
 R - 2 scrolls of magic mapping
 S - 2 scrolls of recharging
 T - 2 scrolls of fear
Potions
 e - a potion of berserk rage
 j - 13 potions of degeneration
 k - 3 potions of flight
 l - a potion of cancellation {unknown}
 m - 2 potions of cure mutation {unknown}
 o - 6 potions of curing
 u - 3 potions of lignification {unknown}
 w - a potion of agility {unknown}
 C - a potion of invisibility {unknown}
 E - a potion of might
 G - a potion of heal wounds {unknown}
 H - 2 potions of haste {unknown}
 J - a potion of mutation {unknown}
 Q - a potion of ambrosia {unknown}
 V - a potion of beneficial mutation {unknown}
Books
 B - a book of Maledictions

   Spells                             Type                      Level
   a - Corona                         Hexes                        1
   b - Ensorcelled Hibernation        Hexes/Ice                    2
   c - Confuse                        Hexes                        3
   d - Tukima's Dance                 Hexes                        3
   e - Dazzling Spray                 Conjuration/Hexes            3
Comestibles
 f - 5 bread rations
 g - 7 royal jellies
 v - 5 meat rations
 M - 5 fruits


   Skills:
 + Level 11.3 Fighting
 * Level 16.6 Axes
 + Level 10.5 Armour
   Level 3.2 Shields


You had 4 spell levels left.
You knew the following spells:

 Your Spells              Type           Power        Failure   Level  Hunger
a - Repel Missiles        Chrm/Air       #.....       91%         2    ###....
b - Passwall              Tmut/Erth      #.........   91%         2    ###....
c - Swiftness             Chrm/Air       #.......     91%         2    ###....


Dungeon Overview and Level Annotations

Branches:
Dungeon (12/15)            Temple (1/1) D:5            Lair (0/6) D:8
    Orc (0/2) D:9

Altars:
Ashenzari
Cheibriados
Dithmenos
Elyvilon
Fedhas
Gozag
Hepliaklqana
Kikubaaqudgha
Makhleb
Nemelex Xobeh
Okawaru
Qazlal
Ru
Sif Muna
Trog
Uskayaw
Vehumet
Xom
Yredelemnul
Zin
The Shining One

Shops:
D:4 [   D:10 [   D:11 ((

Annotations:
D:12 Rupert


Message History

Rupert closely misses you.
A red film seems to cover your vision as you go berserk!
You feel yourself moving faster!
You feel mighty!
Rupert hits you with a great mace of protection!!
* * * LOW HITPOINT WARNING * * *
You barely miss Rupert.
Rupert is lightly wounded.
Rupert hits you with a great mace of protection!
* * * LOW HITPOINT WARNING * * *
You closely miss Rupert.
Rupert is lightly wounded.
You hit Rupert but do no damage.
Rupert is lightly wounded.
Rupert hits you with a great mace of protection!
* * * LOW HITPOINT WARNING * * *
You slash Rupert!
Rupert is lightly wounded.
Rupert hits you with a great mace of protection!!!
You die...
Your body crumbles into a pile of gold.

#...........#
##........#.
#..........#
#..........#
#...(......#
#..........#
#?.....[...#
##....$...##
##.@@...##
########


You could see Rupert (berserk).

Vanquished Creatures
  A hill giant (D:11)
  A deep elf mage (D:11)
  A cyclops (D:11)
  3 centaur zombies
  A gargoyle (D:11)
  A troll (D:6)
  2 hippogriffs
  Eustachio (D:6)
  The ghost of Jerry the Chopper, an amateur HOFi (D:3)
  A hungry ghost (D:11)
  17 yaks
  A steam dragon (D:8)
  Menkaure (D:7)
  3 wargs
  A soldier ant (D:10)
  2 orc warriors
  6 sky beasts
  Duvessa (D:7)
  A swamp drake (D:9)
  An ice beast (D:8)
  5 ogres
  A necrophage (D:11)
  2 phantoms
  3 centaurs
  A big kobold (D:7)
  7 bullfrogs
  A wyvern zombie (D:9)
  2 water moccasin zombies
  Dowan (D:7)
  A wyvern skeleton (D:11)
  A scorpion (D:5)
  9 killer bees
  11 wights
  4 howler monkeys
  An electric eel (D:9)
  A bullfrog zombie (D:12)
  4 crimson imps
  A quasit (D:8)
  3 bullfrog skeletons
  7 hounds
  8 orc priests
  7 jellies
  13 orc wizards
  A centaur skeleton (D:4)
  4 iguanas
  13 worker ants
  A hound zombie (D:11)
  12 adders
  A howler monkey skeleton (D:7)
  6 oozes
  2 adder skeletons
  2 adder zombies
  4 worms
  3 dart slugs (D:2)
  7 leopard geckos
  48 orcs
  7 bats
  4 giant cockroaches
  13 goblins
  13 hobgoblins
  15 jackals
  9 kobolds
  5 quokkas
  3 ball pythons (D:3)
  9 frilled lizards
  5 rats
328 creatures vanquished.

Vanquished Creatures (others)
  Prince Ribbit (D:7)
  An adder (D:7)
  An orc (D:9)
  A quokka (D:9)
  2 plants (D:9)
6 creatures vanquished.

Grand Total: 334 creatures vanquished

Notes
Turn   | Place    | Note
-------+----------+-------------------------------------------
     0 | D:1      | Jerry the Hill Orc Fighter began the quest for the Orb.
     0 | D:1      | Reached XP level 1. HP: 19/19 MP: 1/1
    60 | D:1      | Reached skill level 3 in Axes
   116 | D:1      | Reached XP level 2. HP: 25/27 MP: 2/2
   699 | D:2      | Reached XP level 3. HP: 33/33 MP: 3/3
   700 | D:2      | Reached skill level 4 in Axes
  1405 | D:2      | Reached XP level 4. HP: 35/40 MP: 4/4
  1751 | D:3      | Reached skill level 5 in Axes
  2041 | D:3      | Reached XP level 5. HP: 41/46 MP: 5/5
  2107 | D:3      | Noticed Jerry's ghost (amateur HOFi)
  2341 | D:3      | Killed Jerry's ghost
  2341 | D:3      | Reached skill level 6 in Axes
  2341 | D:3      | Reached XP level 6. HP: 17/55 MP: 6/6
  2445 | D:4      | Reached skill level 5 in Fighting
  2556 | D:4      | Reached skill level 7 in Axes
  2580 | D:4      | Found Hibef's Armour Boutique.
  2620 | D:4      | Found a bloodstained altar of Trog.
  2776 | D:4      | Noticed a sky beast
  2793 | D:4      | Killed a sky beast
  2793 | D:4      | Reached skill level 5 in Armour
  2793 | D:4      | Reached XP level 7. HP: 4/61 MP: 7/7
  2932 | D:4      | Found an iron altar of Okawaru.
  3191 | D:5      | Entered Level 5 of the Dungeon
  3272 | D:5      | Reached skill level 8 in Axes
  3293 | D:5      | Found a staircase to the Ecumenical Temple.
  3303 | D:5      | Noticed a hippogriff
  3313 | D:5      | Killed a hippogriff
  3313 | D:5      | Reached XP level 8. HP: 51/70 MP: 8/8
  3331 | Temple   | Entered the Ecumenical Temple
  3445 | D:5      | Reached skill level 9 in Axes
  3609 | D:5      | Found a stormy altar of Qazlal.
  3988 | D:5      | Got a pitted scale mail
  3989 | D:5      | Identified the +1 scale mail of the Bard {rElec rF+++ Str+3 Slay-3} (You found it on level 5 of the Dungeon)
  4066 | D:5      | Reached skill level 10 in Axes
  4735 | D:6      | Reached XP level 9. HP: 73/79 MP: 9/9
  4850 | D:6      | Noticed Eustachio
  4869 | D:6      | Killed Eustachio
  4869 | D:6      | Reached skill level 11 in Axes
  4902 | D:6      | Found a blossoming altar of Fedhas.
  5186 | D:6      | Found a sparkling altar of Nemelex Xobeh.
  5186 | D:6      | Found an opulent altar of Gozag.
  5204 | D:6      | Became a worshipper of Gozag Ym Sagoz the Greedy
  5730 | D:7      | Noticed Prince Ribbit
  5739 | D:7      | Killed Prince Ribbit
  5746 | D:7      | Noticed Dowan
  5782 | D:7      | Noticed Duvessa
  5793 | D:7      | Killed Duvessa
  6070 | D:7      | Noticed Menkaure
  6078 | D:7      | Killed Menkaure
  6078 | D:7      | Reached skill level 12 in Axes
  6464 | D:7      | Killed Dowan
  6783 | D:7      | Reached XP level 10. HP: 80/90 MP: 10/10
  6834 | D:8      | Found a staircase to the Lair.
  6859 | D:8      | Reached skill level 13 in Axes
  7007 | D:8      | Found a sacrificial altar of Ru.
  7087 | D:8      | Found an ancient bone altar of Kikubaaqudgha.
  8034 | D:7      | Reached skill level 14 in Axes
  8752 | D:9      | Reached skill level 10 in Fighting
  8923 | D:9      | Reached XP level 11. HP: 57/99 MP: 11/11
  9136 | D:9      | Found a white marble altar of Elyvilon.
  9191 | D:9      | Learned a level 2 spell: Repel Missiles
  9194 | D:9      | Learned a level 2 spell: Passwall
  9197 | D:9      | Learned a level 2 spell: Swiftness
  9507 | D:9      | Reached skill level 15 in Axes
  9827 | D:9      | Found a staircase to the Orcish Mines.
  9956 | D:10     | Entered Level 10 of the Dungeon
 10933 | D:10     | Found Felas's Armour Emporium.
 11120 | D:11     | Reached skill level 10 in Armour
 11212 | D:11     | Noticed a deep elf mage
 11218 | D:11     | Killed a deep elf mage
 11443 | D:11     | Reached skill level 16 in Axes
 11631 | D:11     | Noticed a hill giant
 11651 | D:11     | Killed a hill giant
 11685 | D:11     | Noticed a cyclops
 11701 | D:11     | Killed a cyclops
 12042 | D:12     | Noticed a cyclops
 12140 | D:12     | Noticed Rupert
 12222 | D:12     | Annihilated by Rupert

Skill      XL: |  1  2  3  4  5  6  7  8  9 10 11 |
---------------+----------------------------------+-----
Axes           | 3 4 5 6 7 8 10 12 14 16 | 16.6
Fighting       | 4 5 6 7 8 10 11 | 11.3
Armour         | 4 5 6 8 9 10 | 10.5
Shields        | |  3.2

Action                   |  1- 3 |  4- 6 |  7- 9 | 10-12 || total
-------------------------+-------+-------+-------+-------++-------
Melee: War axe           |   127 |   150 |   100 |   117 ||   494
       Hand axe          |       |       |   311 |   688 ||   999
Invok: Call Merchant     |       |       |       |     2 ||     2
  Use: Scroll            |       |     7 |     5 |     9 ||    21
       Potion            |       |     1 |     1 |     5 ||     7
 Stab: Distracted        |       |       |     1 |       ||     1
  Eat: Chunk             |     2 |     4 |     9 |       ||    15
       Pizza             |       |       |     2 |     1 ||     3
       Beef jerky        |       |       |     1 |     2 ||     3
       Royal jelly       |       |       |       |     4 ||     4
       Meat ration       |       |       |       |     2 ||     2
Armor: Scale mail        |    62 |    99 |   163 |   319 ||   643
Dodge: Dodged            |    68 |    54 |   156 |   259 ||   537
Block: Other             |    13 |       |       |       ||    13
       Reflection        |     1 |       |       |       ||     1
